| TOP OF THE 1ST |
|
Dayton Dragons batting - Pitching for Binghamton Mets : RHP Wei-hong Qi
|
|
Pitching: RHP Wei-hong Qi
|
|
|
Batting: LHB Kelvin Jones
|
0-0: Foul Ball, location: 2F 0-1: Called Strike 0-2: Ball 1-2: Foul Ball, location: 2F 1-2: Strikes out swinging
|
|
Batting: LHB Jeremy Robertson
|
0-0: Foul Ball, location: 2F 0-1: Foul Ball, location: 2F 0-2: Strikes out swinging
|
|
Batting: RHB Logan Johnson
|
0-0: Foul Ball, location: 2F 0-1: Called Strike 0-2: Ball 1-2: Fly out, F8 (Line Drive, 89D, EV 105.0 MPH)
|
| Top of the 1st over - 0 runs, 0 hits, 0 errors, 0 left on base; Dayton 0 - Binghamton 0 |
| BOTTOM OF THE 1ST |
|
Binghamton Mets batting - Pitching for Dayton Dragons : RHP Sean Jordan
|
|
Pitching: RHP Sean Jordan
|
|
|
Batting: RHB Michael Youngberry
|
0-0: Called Strike 0-1: Ball 1-1: Ball 2-1: Swinging Strike 2-2: Foul Ball, location: 2F 2-2: Strikes out swinging
|
|
Batting: SHB Nick Daigle
|
0-0: Ball 1-0: Called Strike 1-1: Ground out 4-3 (Groundball, 4M, EV 90.6 MPH)
|
|
Batting: RHB Sam Callahan
|
0-0: Ball 1-0: Called Strike 1-1: Called Strike 1-2: Ball 2-2: Strikes out swinging
|
| Bottom of the 1st over - 0 runs, 0 hits, 0 errors, 0 left on base; Dayton 0 - Binghamton 0 |
| TOP OF THE 2ND |
|
Dayton Dragons batting - Pitching for Binghamton Mets : RHP Wei-hong Qi
|
|
Batting: LHB Chris Redhead
|
0-0: Foul Ball, location: 2F 0-1: Called Strike 0-2: SINGLE (Flyball, 89S, EV 88.8 MPH)
|
|
Batting: SHB Jaivata Mohanty
|
0-0: Foul Ball, location: 2F 0-1: Ball Passed Ball! Chris Redhead to second 1-1: Ball 2-1: Foul Ball, location: 2F 2-2: Strikes out swinging
|
|
Batting: RHB Alex Juarez
|
0-0: Called Strike 0-1: Swinging Strike 0-2: Ground out 3-1 (Groundball, 34S, EV 83.8 MPH) Chris Redhead to third
|
|
Batting: LHB Elias Posada
|
0-0: Called Strike 0-1: Foul Ball, location: 2F 0-2: Ball 1-2: Ball 2-2: Foul Ball, location: 2F 2-2: Foul Ball, location: 2F 2-2: Ball 3-2: Foul Ball, location: 2F 3-2: Foul Ball, location: 2F 3-2: Strikes out swinging
|
| Top of the 2nd over - 0 runs, 1 hit, 0 errors, 1 left on base; Dayton 0 - Binghamton 0 |
| BOTTOM OF THE 2ND |
|
Binghamton Mets batting - Pitching for Dayton Dragons : RHP Sean Jordan
|
|
Batting: RHB Enrique Aguirre
|
0-0: Ball 1-0: SINGLE (Line Drive, 7LS, EV 95.0 MPH)
|
|
Batting: RHB Jake Geib
|
0-0: Called Strike 0-1: Foul Ball, location: 2F 0-2: Ground out 5-3 (Groundball, 5L, EV 101.9 MPH) Enrique Aguirre to second
|
|
Batting: RHB Ryan Marler
|
0-0: Ball 1-0: Ball 2-0: Called Strike 2-1: Swinging Strike 2-2: Ball 3-2: Foul Ball, location: 2F 3-2: SINGLE (Groundball, 4MD, EV 94.4 MPH) Enrique Aguirre to third
|
|
Batting: RHB Gang-sheng Chew
|
0-0: Called Strike 0-1: Fly out, F4 (Popup, 34D, EV 63.1 MPH)
|
|
Batting: RHB Reginald McDougall
|
0-0: Ball 1-0: Foul Ball, location: 2F 1-1: Ball 2-1: Fielders Choice at 2nd, 6-4 (Groundball, 6, EV 86.9 MPH)
|
| Bottom of the 2nd over - 0 runs, 2 hits, 0 errors, 2 left on base; Dayton 0 - Binghamton 0 |
| TOP OF THE 3RD |
|
Dayton Dragons batting - Pitching for Binghamton Mets : RHP Wei-hong Qi
|
|
Batting: RHB Gabriel Arias
|
0-0: Ball 1-0: Fly out, F3 (Popup, 3S, EV 71.2 MPH)
|
|
Batting: RHB John Hopkins
|
0-0: Swinging Strike 0-1: Swinging Strike 0-2: Strikes out swinging
|
|
Batting: LHB Kelvin Jones
|
0-0: Called Strike 0-1: Ball 1-1: Ball 2-1: Ball 3-1: Base on Balls
|
|
Batting: LHB Jeremy Robertson
|
0-0: Called Strike 0-1: Ball Kelvin Jones is caught stealing 2nd base 2-6
|
| Top of the 3rd over - 0 runs, 0 hits, 0 errors, 0 left on base; Dayton 0 - Binghamton 0 |
| BOTTOM OF THE 3RD |
|
Binghamton Mets batting - Pitching for Dayton Dragons : RHP Sean Jordan
|
|
Batting: RHB Roberto Delgado
|
0-0: Ball 1-0: Called Strike 1-1: Ball 2-1: Fly out, F7 (Line Drive, 7S, EV 90.6 MPH)
|
|
Batting: RHB Michael Youngberry
|
0-0: Called Strike 0-1: Foul Ball, location: 2F 0-2: Strikes out swinging
|
|
Batting: SHB Nick Daigle
|
0-0: Ground out 4-3 (Groundball, 4, EV 78.8 MPH)
|
| Bottom of the 3rd over - 0 runs, 0 hits, 0 errors, 0 left on base; Dayton 0 - Binghamton 0 |
| TOP OF THE 4TH |
|
Dayton Dragons batting - Pitching for Binghamton Mets : RHP Wei-hong Qi
|
|
Batting: LHB Jeremy Robertson
|
0-0: Ball 1-0: Swinging Strike 1-1: Called Strike 1-2: Ball 2-2: Strikes out swinging
|
|
Batting: RHB Logan Johnson
|
0-0: Ball 1-0: Foul Ball, location: 2F 1-1: Hit by Pitch
|
|
Batting: LHB Chris Redhead
|
0-0: Ball Logan Johnson steals 2nd base 1-0: Called Strike 1-1: Swinging Strike 1-2: Foul Ball, location: 2F 1-2: Ball 2-2: Ball 3-2: Ground out U3 (Groundball, 3, EV 92.5 MPH) Logan Johnson to third
|
|
Batting: SHB Jaivata Mohanty
|
0-0: DOUBLE (Groundball, 5L, EV 101.2 MPH) Logan Johnson scores
|
|
Batting: RHB Alex Juarez
|
0-0: Ball 1-0: Ball 2-0: Foul Ball, location: 2F 2-1: Fly out, F7 (Flyball, 7LSF, EV 94.4 MPH)
|
| Top of the 4th over - 1 run, 1 hit, 0 errors, 1 left on base; Dayton 1 - Binghamton 0 |
| BOTTOM OF THE 4TH |
|
Binghamton Mets batting - Pitching for Dayton Dragons : RHP Sean Jordan
|
|
Batting: RHB Sam Callahan
|
0-0: Ball 1-0: Ball 2-0: SINGLE (Line Drive, 7S, EV 110.0 MPH)
|
|
Batting: RHB Enrique Aguirre
|
0-0: Ball 1-0: Ball 2-0: Ball 3-0: Called Strike 3-1: SINGLE (Line Drive, 9LS, EV 88.1 MPH) Sam Callahan to second Runner from 2nd tries for 3rd, SAFE, throw by RF made to third
|
|
Batting: RHB Jake Geib
|
0-0: Ball 1-0: Called Strike 1-1: Swinging Strike 1-2: Ball 2-2: Foul Ball, location: 2F 2-2: Ball 3-2: Foul Ball, location: 2F 3-2: Base on Balls Enrique Aguirre to second
|
|
Batting: RHB Ryan Marler
|
0-0: Foul Ball, location: 2F 0-1: Foul Ball, location: 2F 0-2: Ball 1-2: Hit by Pitch Sam Callahan scores Enrique Aguirre to third Jake Geib to second
|
|
Batting: RHB Gang-sheng Chew
|
0-0: Called Strike 0-1: Ball 1-1: Fly out, F7 (Flyball, 78M, EV 83.8 MPH)
|
|
Batting: RHB Reginald McDougall
|
0-0: Ball 1-0: Ball 2-0: Called Strike 2-1: Foul Ball, location: 2F 2-2: Foul Ball, location: 2F 2-2: Ground out 6-3 (Groundball, P, EV 81.2 MPH) Enrique Aguirre scores Jake Geib to third Ryan Marler to second
|
|
Batting: RHB Roberto Delgado
|
0-0: Fly out, F9 (Flyball, 9LM, EV 88.1 MPH)
|
| Bottom of the 4th over - 2 runs, 2 hits, 0 errors, 2 left on base; Dayton 1 - Binghamton 2 |
| TOP OF THE 5TH |
|
Dayton Dragons batting - Pitching for Binghamton Mets : RHP Wei-hong Qi
|
|
Batting: LHB Elias Posada
|
0-0: Called Strike 0-1: Foul Ball, location: 2F 0-2: Ball 1-2: Strikes out looking
|
|
Batting: RHB Gabriel Arias
|
0-0: Foul Ball, location: 2F 0-1: Ball 1-1: Ball 2-1: Swinging Strike 2-2: Ball 3-2: Reached on error, E4 (Groundball, 34, EV 103.1 MPH)
|
|
Batting: RHB John Hopkins
|
0-0: Ball Wild Pitch! Gabriel Arias to second 1-0: Ball 2-0: Ball 3-0: Called Strike 3-1: Called Strike 3-2: Strikes out swinging
|
|
Batting: LHB Kelvin Jones
|
0-0: Ball 1-0: Ball 2-0: Foul Ball, location: 2F 2-1: Swinging Strike 2-2: Strikes out looking
|
| Top of the 5th over - 0 runs, 0 hits, 1 error, 1 left on base; Dayton 1 - Binghamton 2 |
| BOTTOM OF THE 5TH |
|
Binghamton Mets batting - Pitching for Dayton Dragons : RHP Sean Jordan
|
|
Batting: RHB Michael Youngberry
|
0-0: Called Strike 0-1: Ball 1-1: Ball 2-1: Ball 3-1: Called Strike 3-2: SINGLE (Groundball, 56, EV 98.1 MPH) (infield hit)
|
|
Batting: SHB Nick Daigle
|
0-0: DOUBLE (Line Drive, 3D, EV 108.8 MPH) Michael Youngberry to third Runner from 3rd tries for Home, SAFE, throw by RF to home
|
|
Batting: RHB Sam Callahan
|
0-0: Called Strike 0-1: Foul Ball, location: 2F 0-2: SINGLE (Groundball, 3D, EV 109.4 MPH) Nick Daigle to third
|
|
Pitching: RHP In Bea
|
|
|
Batting: RHB Enrique Aguirre
|
0-0: Called Strike Sam Callahan steals 2nd base 0-1: Ball 1-1: Ball 2-1: SINGLE (Groundball, 6D, EV 95.6 MPH) Nick Daigle scores Sam Callahan to third Runner from 3rd tries for Home, SAFE, throw by LF to home
|
|
Batting: RHB Jake Geib
|
0-0: Ball 1-0: Ground out 6-3 (Groundball, 6D, EV 107.5 MPH) Enrique Aguirre to second
|
|
Batting: RHB Ryan Marler
|
0-0: Ball 1-0: Called Strike 1-1: Swinging Strike 1-2: Ground out 1-3 (Groundball, 15S, EV 73.8 MPH)
|
|
Batting: RHB Gang-sheng Chew
|
0-0: Ball 1-0: Called Strike 1-1: Swinging Strike 1-2: Ball 2-2: Ball 3-2: Base on Balls
|
|
Batting: RHB Reginald McDougall
|
0-0: Swinging Strike 0-1: Swinging Strike 0-2: Strikes out swinging
|
| Bottom of the 5th over - 3 runs, 4 hits, 0 errors, 2 left on base; Dayton 1 - Binghamton 5 |
| TOP OF THE 6TH |
|
Dayton Dragons batting - Pitching for Binghamton Mets : RHP Wei-hong Qi
|
|
Batting: LHB Jeremy Robertson
|
0-0: Called Strike 0-1: Called Strike 0-2: Ball 1-2: Fly out, F8 (Line Drive, 8RM, EV 87.5 MPH)
|
|
Batting: RHB Logan Johnson
|
0-0: Foul Ball, location: 2F 0-1: Foul Ball, location: 2F 0-2: Foul Ball, location: 2F 0-2: Ball 1-2: Foul Ball, location: 2F 1-2: Foul Ball, location: 2F 1-2: Ball 2-2: Foul Ball, location: 2F 2-2: Ground out 4-3 (Groundball, 4S, EV 77.5 MPH)
|
|
Batting: LHB Chris Redhead
|
0-0: Swinging Strike 0-1: DOUBLE (Line Drive, 5D, EV 105.6 MPH)
|
|
Batting: SHB Jaivata Mohanty
|
0-0: Called Strike 0-1: Foul Ball, location: 2F 0-2: Foul Ball, location: 2F 0-2: Strikes out swinging
|
| Top of the 6th over - 0 runs, 1 hit, 0 errors, 1 left on base; Dayton 1 - Binghamton 5 |
| BOTTOM OF THE 6TH |
|
Binghamton Mets batting - Pitching for Dayton Dragons : RHP In Bea
|
|
Batting: RHB Roberto Delgado
|
0-0: Ball 1-0: Ball 2-0: Ground out 2-3 (Groundball, 2L, EV 68.1 MPH)
|
|
Batting: RHB Michael Youngberry
|
0-0: SINGLE (Line Drive, 4D, EV 101.2 MPH)
|
|
Batting: SHB Nick Daigle
|
0-0: Called Strike 0-1: Called Strike 0-2: Ball Wild Pitch! Michael Youngberry to second 1-2: Ball 2-2: Ball 3-2: SINGLE (Groundball, 6MD, EV 98.1 MPH) Michael Youngberry to third Runner from 3rd tries for Home, SAFE, throw by CF to home Nick Daigle to second
|
|
Batting: RHB Sam Callahan
|
0-0: Called Strike 0-1: Ball 1-1: Ball 2-1: Called Strike 2-2: Strikes out looking
|
|
Pitching: RHP Kevin Larner
|
|
|
Batting: RHB Enrique Aguirre
|
0-0: Ball 1-0: Ball 2-0: Ball 3-0: Base on Balls
|
|
Batting: RHB Jake Geib
|
0-0: Ball 1-0: Ball 2-0: Swinging Strike 2-1: Ball 3-1: Called Strike 3-2: Strikes out looking
|
| Bottom of the 6th over - 1 run, 2 hits, 0 errors, 2 left on base; Dayton 1 - Binghamton 6 |
| TOP OF THE 7TH |
|
Dayton Dragons batting - Pitching for Binghamton Mets : RHP Wei-hong Qi
|
|
Batting: RHB Alex Juarez
|
0-0: Called Strike 0-1: Ground out 6-3 (Groundball, 4MD, EV 93.8 MPH)
|
|
Pitching: RHP Eddie Carrasco
|
|
|
Batting: LHB Elias Posada
|
0-0: Ball 1-0: Called Strike 1-1: Foul Ball, location: 2F 1-2: Fly out, F8 (Flyball, 78M, EV 90.0 MPH)
|
|
Batting: RHB Gabriel Arias
|
0-0: Ball 1-0: Called Strike 1-1: Ball 2-1: Swinging Strike 2-2: Ball 3-2: Foul Ball, location: 2F 3-2: Strikes out looking
|
| Top of the 7th over - 0 runs, 0 hits, 0 errors, 0 left on base; Dayton 1 - Binghamton 6 |
| BOTTOM OF THE 7TH |
|
Binghamton Mets batting - Pitching for Dayton Dragons : RHP Kevin Larner
|
|
Batting: RHB Ryan Marler
|
0-0: Ball 1-0: Ball 2-0: Called Strike 2-1: SINGLE (Flyball, 8LS, EV 90.0 MPH)
|
|
Batting: RHB Gang-sheng Chew
|
0-0: Ball 1-0: Foul Ball, location: 2F 1-1: Grounds into double play, 4-6-3 (Groundball, 4M, EV 79.4 MPH)
|
|
Batting: RHB Reginald McDougall
|
0-0: Ball 1-0: TRIPLE (Line Drive, 9LD, EV 98.1 MPH)
|
|
Batting: RHB Roberto Delgado
|
0-0: Ball 1-0: Called Strike 1-1: Foul Ball, location: 2F 1-2: Strikes out swinging
|
| Bottom of the 7th over - 0 runs, 2 hits, 0 errors, 1 left on base; Dayton 1 - Binghamton 6 |
| TOP OF THE 8TH |
|
Dayton Dragons batting - Pitching for Binghamton Mets : RHP Eddie Carrasco
|
|
Batting: RHB John Hopkins
|
0-0: Foul Ball, location: 2F 0-1: Called Strike 0-2: Strikes out swinging
|
|
Batting: LHB Kelvin Jones
|
0-0: Swinging Strike 0-1: Called Strike 0-2: Foul Ball, location: 2F 0-2: Ball 1-2: Ball 2-2: Strikes out swinging
|
|
Batting: LHB Jeremy Robertson
|
0-0: Called Strike 0-1: Swinging Strike 0-2: Hit by Pitch
|
|
Batting: RHB Logan Johnson
|
0-0: Ground out 5-3 (Groundball, 56S, EV 87.5 MPH)
|
| Top of the 8th over - 0 runs, 0 hits, 0 errors, 1 left on base; Dayton 1 - Binghamton 6 |
| BOTTOM OF THE 8TH |
|
Binghamton Mets batting - Pitching for Dayton Dragons : RHP Kevin Larner
|
|
Batting: RHB Michael Youngberry
|
0-0: Ball 1-0: Ball 2-0: Ball 3-0: Called Strike 3-1: SINGLE (Line Drive, 34D, EV 95.6 MPH)
|
|
Batting: SHB Nick Daigle
|
0-0: Called Strike 0-1: Foul Ball, location: 2F 0-2: Ball 1-2: Fielders Choice at 2nd, 3-6 (Groundball, 3, EV 81.9 MPH)
|
|
Batting: RHB Sam Callahan
|
0-0: Swinging Strike 0-1: SINGLE (Groundball, 5S, EV 76.9 MPH) (infield hit) Nick Daigle to second
|
|
Batting: RHB Enrique Aguirre
|
0-0: Fielders Choice at 2nd, 5-4 (Groundball, 5, EV 105.6 MPH) Nick Daigle to third
|
|
Batting: RHB Jake Geib
|
0-0: Ball 1-0: Ball 2-0: Called Strike 2-1: SINGLE (Groundball, 4D, EV 93.8 MPH) Nick Daigle scores Enrique Aguirre to second Runner from 2nd tries for 3rd, SAFE, throw by CF made to third Jake Geib to second
|
|
Batting: RHB Ryan Marler
|
0-0: Ball 1-0: Fly out, F7 (Flyball, 78S, EV 87.5 MPH)
|
| Bottom of the 8th over - 1 run, 3 hits, 0 errors, 2 left on base; Dayton 1 - Binghamton 7 |
| TOP OF THE 9TH |
|
Dayton Dragons batting - Pitching for Binghamton Mets : RHP Eddie Carrasco
|
|
Batting: LHB Chris Redhead
|
0-0: Ball 1-0: Called Strike 1-1: Ball 2-1: Ball 3-1: Ground out 6-3 (Groundball, P, EV 87.5 MPH)
|
|
Batting: SHB Jaivata Mohanty
|
0-0: Foul Ball, location: 2F 0-1: Called Strike 0-2: Ball 1-2: Fly out, F7 (Flyball, 7LS, EV 77.5 MPH)
|
|
Batting: RHB Alex Juarez
|
0-0: Swinging Strike 0-1: Fly out, F7 (Flyball, 7S, EV 92.5 MPH)
|
| Top of the 9th over - 0 runs, 0 hits, 0 errors, 0 left on base; Dayton 1 - Binghamton 7 |
|